 Dungeon Crawl Stone Soup version 0.29.1-1-gd02db6906a (webtiles) character file.

Game seed: 5360196075715006179

2762 Jakudza the Zephyrmancer (level 9, -5/52 HPs)
             Began as a Tengu Air Elementalist on Oct 10, 2022.
             Was a Believer of Vehumet.
             Slain by a kobold brigand
             ... wielding a +0 whip of chaos
              (13 damage)
             ... on level 6 of the Dungeon on Oct 17, 2022.
             The game lasted 00:19:47 (8745 turns).

Jakudza the Zephyrmancer (Tengu Air Elementalist)   Turns: 8745, Time: 00:19:49

Health: -5/52      AC:  4    Str:  9    XL:     9   Next: 69%
Magic:  17/25      EV: 15    Int: 20    God:    Vehumet [**....]
Gold:   292        SH:  8    Dex: 14    Spells: 10/17 levels left

rFire   . . .      SeeInvis .   n - +0 scimitar (freeze)
rCold   + . .      Faith    .   m - +0 buckler
rNeg    . . .      Spirit   .   r - +0 leather armour
rPois   .          Reflect  +   (helmet restricted)
rElec   .          Harm     .   (no cloak)
rCorr   .          Rampage  .   f - +0 pair of gloves
Will    .....                   (boots unavailable)
Stlth   ++........              g - amulet of reflection
HPRegen 0.17/turn               k - ring of protection from cold
MPRegen 0.19/turn               x - ring of magical power

@: flying quickly and evasively, slowed, very slow
A: beak, talons 3, nimble flight
a: Renounce Religion


You were on level 6 of the Dungeon.
You worshipped Vehumet.
Vehumet was pleased with you.
You visited 2 branches of the dungeon, and saw 7 of its levels.

You collected 292 gold pieces.

Inventory:

Hand Weapons
 n - a +0 scimitar of freezing (weapon)
Missiles
 w - a throwing net
Armour
 a - a +0 robe
 f - a +0 pair of gloves (worn)
 m - a +0 buckler (worn)
 r - a +0 leather armour (worn)
Jewellery
 d - a ring of fire
 g - an amulet of reflection (around neck)
 k - a ring of protection from cold (left hand)
 t - a ring of positive energy
 v - a ring of resist corrosion
 x - a ring of magical power (right hand)
Wands
 p - a wand of light (16)
 s - a wand of flame (13)
 u - a wand of mindburst (5)
Scrolls
 o - 4 scrolls of teleportation
Potions
 b - 2 potions of magic
 c - 2 potions of haste {unknown}
 e - a potion of might
 i - a potion of ambrosia {unknown}
 j - 2 potions of attraction {unknown}
 l - a potion of berserk rage {unknown}
 q - 2 potions of degeneration {unknown}
 z - a potion of cancellation {unknown}


   Skills:
 + Level 4.2 Fighting
 + Level 4.7 Armour
 + Level 5.4 Dodging
 - Level 2.1 Stealth
 + Level 4.5 Spellcasting
 * Level 8.6 Conjurations
 * Level 9.4 Air Magic


You had 10 spell levels left.
You knew the following spells:

 Your Spells              Type           Power      Damage    Failure   Level
a - Shock                 Conj/Air       100%       1d9       1%          1
b - Static Discharge      Conj/Air       40%        3-8/arc   1%          2
c - Airstrike             Air            21%        2d(3-19)  4%          4

Your spell library contained the following spells:

 Spells                   Type           Power      Damage    Failure   Level
 Poisonous Vapours        Pois/Air       46%        N/A       4%          2
 Swiftness                Air            42%        N/A       1%          3
 Beastly Appendage        Tmut           8%         N/A       22%         1
 Blink                    Tloc           8%         N/A       34%         2
 Wereblood                Tmut           4%         N/A       34%         2
 Ozocubu's Armour         Ice            4%         N/A       56%         3
 Spider Form              Tmut/Pois      4%         N/A       56%         3
 Manifold Assault         Tloc           4%         N/A       99%         5
 Dispersal                Tloc           2%         N/A       100%        6
 Ozocubu's Refrigeration  Ice            2%         4d7       100%        7
 Storm Form               Tmut/Air       11%        N/A       100%        7
 Disjunction              Tloc           2%         N/A       100%        8


Dungeon Overview and Level Annotations

Branches:
Dungeon (6/15)             Temple (1/1) D:4

Altars:
Cheibriados
Dithmenos
Elyvilon
Fedhas
Gozag
Hepliaklqana
Kikubaaqudgha
Nemelex Xobeh
Okawaru
Qazlal
Sif Muna
Vehumet
Wu Jian
Xom
Yredelemnul
Zin
The Shining One

Annotations:
D:6 manix's ghost, novice GnWr


Innate Abilities, Weirdness & Mutations

You have a beak for a mouth.
You have claws for feet.
Your magical nature lets you fly swiftly and evasively.


Message History

Space warps around you.
* * * LOW HITPOINT WARNING * * *
Casting: Static Discharge (safe; 1% risk of failure)
Confirm with . or Enter, or press ? or * to list all spells.
The kobold brigand is struck by an arc of lightning!
The kobold brigand is heavily wounded.
You are struck by an arc of lightning.
* * * LOW HITPOINT WARNING * * *
The kobold brigand is struck by an arc of lightning!
The kobold brigand is severely wounded.
The lightning grounds out.
You block the kobold brigand's attack.
Casting: Static Discharge (safe; 1% risk of failure)
Confirm with . or Enter, or press ? or * to list all spells.
The kobold brigand is struck by an arc of lightning!
You kill the kobold brigand!
Vehumet accepts your kill.
You feel your power returning.
The kobold brigand is struck by an arc of lightning.
The kobold brigand is almost dead.
The kobold brigand is struck by an arc of lightning!
The kobold brigand is almost dead.
The lightning grounds out.
The kobold brigand looks more healthy.
Manix's ghost gestures wildly while chanting.
Manix's ghost blinks!
The kobold brigand hits you with a +0 whip of chaos.
* * * LOW HITPOINT WARNING * * *
Casting: Static Discharge (safe; 1% risk of failure)
Confirm with . or Enter, or press ? or * to list all spells.
The kobold brigand is struck by an arc of lightning!
The kobold brigand is heavily wounded.
The kobold brigand is struck by an arc of lightning.
You kill the kobold brigand!
Vehumet accepts your kill.
You feel your power returning.
The kobold brigand is struck by an arc of lightning.
The kobold brigand is heavily wounded.
The lightning grounds out.
The kobold brigand hits you but does no damage.
Space warps horribly around you!
You die...

# ##...## ##.## ##.## # ##.## #.#
#.## # #.# #.# #.†. # #.# ##'##
#### # #.# ##...## # ##.#
##.....## ## # ####..##
##.......## ##.
#########....KK###......)..####..
...##~⌠~##...KKK@'.........'.....
####.....#...WK###.........####.[
# #..###.§.....# ##.......## ##.
# #[.....'..##.# ##.....## ## #
#(.###.'..##.# ##)..## # #
#.....#.....# ##÷## # #
##P⌠~##..#### #.# # # #####...#
#.##### # # ###.##########.....#
#


You could see 6 kobold brigands and manix's ghost.

Vanquished Creatures
  Pikel (D:5)
  Menkaure (D:5)
  Duvessa (D:5)
  2 black bears
  2 ogres
  2 centaurs (D:5)
  2 lemures (D:5)
  A phantom (D:5)
  4 kobold brigands (D:6)
  4 necrophages
  2 scorpions (D:6)
  Dowan (D:5)
  A howler monkey (D:6)
  A quasit (D:5)
  5 hounds
  2 gnoll boudas
  3 jellies
  2 iguanas
  3 orc wizards
  18 gnolls
  10 adders
  4 white imps (D:6)
  An ufetubus (D:5)
  A worm (D:2)
  5 dart slugs
  12 orcs
  6 endoplasms
  2 giant cockroaches (D:4)
  3 goblins
  6 hobgoblins
  6 jackals
  A quokka (D:1)
  4 ball pythons
  8 bats
  A frilled lizard (D:2)
  2 goblin skeletons (D:5)
  A goblin zombie (D:5)
  A hobgoblin zombie (D:5)
  5 kobolds
  A kobold zombie (D:5)
  An orc skeleton (D:5)
  3 orc zombies (D:5)
  6 rats
  A toadstool (D:1)
149 creatures vanquished.

Vanquished Creatures (others)
  A fungus (D:6)
  8 plants
  3 toadstools (D:1)
  5 withered plants (D:5)
17 creatures vanquished.

Grand Total: 166 creatures vanquished

Notes
Turn   | Place    | Note
-------+----------+-------------------------------------------
     0 | D:1      | Jakudza the Tengu Air Elementalist began the quest for the
                  | Orb.
     0 | D:1      | Reached XP level 1. HP: 10/10 MP: 4/4
   167 | D:1      | Found a faded altar of an unknown god.
   250 | D:1      | Reached XP level 2. HP: 15/15 MP: 4/6
  1070 | D:2      | Reached XP level 3. HP: 20/20 MP: 3/7
  1412 | D:2      | Reached XP level 4. HP: 24/24 MP: 1/8
  1622 | D:2      | Learned a level 2 spell: Static Discharge
  2277 | D:3      | Reached skill level 1 in Armour
  2280 | D:3      | Reached skill level 1 in Fighting
  2295 | D:3      | Reached skill level 5 in Air Magic
  2295 | D:3      | Gained mutation: Your magical nature lets you fly swiftly
                  | and evasively. [Tengu growth]
  2295 | D:3      | Reached XP level 5. HP: 18/29 MP: 3/9
  3079 | D:4      | Identified the +7 war axe "Jelokkuc" {flame, rElec rC+ MP+9
                  | Int-4}
  3820 | D:4      | Found a staircase to the Ecumenical Temple.
  3829 | Temple   | Entered the Ecumenical Temple
  4117 | Temple   | Became a worshipper of Vehumet
  4228 | D:4      | Reached XP level 6. HP: 33/34 MP: 7/11
  4482 | D:4      | Learned a level 4 spell: Airstrike
  4794 | D:5      | Entered Level 5 of the Dungeon
  4884 | D:5      | Reached skill level 6 in Air Magic
  4889 | D:5      | Reached XP level 7. HP: 9/40 MP: 0/12
  5190 | D:5      | Reached skill level 5 in Conjurations
  5196 | D:5      | Noticed Menkaure
  5208 | D:5      | Killed Menkaure
  5263 | D:5      | Reached * piety under Vehumet
  5263 | D:5      | Offered knowledge of Freeze by Vehumet.
  5525 | D:5      | Reached skill level 7 in Air Magic
  5629 | D:5      | Reached XP level 8. HP: 38/45 MP: 7/14
  5773 | D:5      | Noticed Pikel
  5979 | D:5      | Killed Pikel
  6120 | D:5      | Found a glowing golden altar of the Shining One.
  6120 | D:5      | Noticed Duvessa
  6120 | D:5      | Noticed Dowan
  6138 | D:5      | Killed Dowan
  6139 | D:5      | Reached skill level 8 in Air Magic
  6199 | D:5      | Killed Duvessa
  6568 | D:5      | Reached XP level 9. HP: 51/51 MP: 8/16
  6845 | D:5      | Identified the +1 ring mail of a Labyrinth {rPois Str+4
                  | Dex-3}
  6945 | D:5      | Found an ancient bone altar of Kikubaaqudgha.
  6945 | D:5      | Found a blossoming altar of Fedhas.
  6984 | D:5      | Reached skill level 5 in Dodging
  7370 | D:6      | Reached ** piety under Vehumet
  7416 | D:6      | Offered knowledge of Poisonous Vapours by Vehumet.
  7538 | D:6      | Reached skill level 9 in Air Magic
  7789 | D:6      | Found a shadowy altar of Dithmenos.
  8659 | D:6      | Found a runed translucent gate.
  8659 | D:6      | Found a runed translucent gate.
  8659 | D:6      | Found a runed translucent gate.
  8662 | D:6      | Noticed manix's ghost (novice GnWr)
  8745 | D:6      | Slain by a kobold brigand

Illustrated notes

Levels and vault maps discovered:
D:1:      ldierk_water_garden, layout_loops_ring, ebering_ecumenical_altar_hall
D:2:      layout_rooms
D:3:      layout_basic
D:4:      layout_basic, minmay_temple_entry_statues
D:5:      layout_rooms, grunt_temple_overflow_growth_and_decay,
          nicolae_tso_besieged_by_evil, kennysheep_generic_room_3,
          uniq_menkaure, uniq_pikel, uniq_duvessa
D:6:      layout_loops_corners, grunt_dithmenos_smoke_and_mirrors,
          gammafunk_ghost_nasty_kobolds
Temple:   oiseaux_autumnal_temple

Skill      XL: |  1  2  3  4  5  6  7  8  9 |
---------------+----------------------------+-----
Conjurations   | 2 3 4 5 7 8 |  8.6
Armour         | 1 2 3 4 |  4.7
Fighting       | 1 2 3 4 |  4.2
Air Magic      | 5 6 7 8 9 |  9.4
Dodging        | 3 4 5 |  5.4
Spellcasting   | 3 4 |  4.5
Stealth        | |  2.1

Action                   |  1- 3 |  4- 6 |  7- 9 || total
-------------------------+-------+-------+-------++-------
Melee: Unarmed           |     2 |       |       ||     2
       Peck              |     1 |     2 |       ||     3
       Scimitar          |     1 |    12 |     2 ||    15
       Kick              |       |     2 |       ||     2
 Cast: Shock             |    64 |   103 |   164 ||   331
       Static Discharge  |       |    12 |    37 ||    49
       Airstrike         |       |       |     5 ||     5
  Use: Scroll            |     3 |     6 |     3 ||    12
       Potion            |       |       |     3 ||     3
Armor: Robe              |     3 |     7 |       ||    10
       Leather armour    |       |     1 |     7 ||     8
Dodge: Dodged            |     6 |    19 |    29 ||    54
Block: Buckler           |       |    11 |    22 ||    33
       Other             |       |     1 |       ||     1
       Reflection        |       |     1 |     3 ||     4
